 Dungeon Crawl Stone Soup version 0.20-a0 (webtiles) character file.

77228 varam the Brawler (level 15, -11/124 HPs)
             Began as a Troll Monk on Oct 27, 2016.
             Was the Champion of Okawaru.
             Mangled by Rupert
             ... wielding a +2 great mace of draining
              (34 damage)
             ... while paralysed by Rupert
             ... on level 13 of the Dungeon.
             The game lasted 01:38:36 (24131 turns).

varam the Brawler (Troll Monk)                     Turns: 24131, Time: 01:38:37

Health: -11/124    AC: 12    Str: 24    XL:     15   Next: 14%
Magic:  18/18      EV:  1    Int:  6    God:    Okawaru [******]
Gold:   1844       SH:  0    Dex: 20    Spells: 0 memorised, 14 levels left

rFire  + . .     SeeInvis .       - Unarmed
rCold  + . .     Gourm    +     R - +2 robe {rN+}
rNeg   + . .     Faith    .     C - +1 shield {rC+ rF+}
rPois  .         Spirit   .     (helmet restricted)
rElec  .         Reflect  +     v - +2 cloak
rCorr  .         Harm     .     (gloves unavailable)
MR     +....                    (boots unavailable)
Stlth  +++.......               T - +3 amulet of reflection
                                K - ring of stealth
                                U - +4 ring of dexterity (curse)

@: paralysed, lethally poisoned (-11 -> -12), heavily drained
A: unfitting armour, claws 3, molten scales 1, fast metabolism 3, gourmand,
regeneration 1, shaggy fur 1, tough skin 2, sturdy frame 1
a: Heroism, Finesse, Renounce Religion


You were on level 13 of the Dungeon.
You worshipped Okawaru.
Okawaru was exalted by your worship.
You were full.

You visited 4 branches of the dungeon, and saw 23 of its levels.
You also visited: Ossuary and Ice Cave.

You collected 2852 gold pieces.
You spent 1008 gold pieces at shops.

Inventory:

Hand Weapons
 e - the +10 demon blade of Magnificence {drain, Dex+3}
   (Okawaru gifted it to you on level 1 of the Orcish Mines)

   A truly terrible weapon, it drains the life of those it strikes.
   It affects your dexterity (+3).
 y - the +5 broad axe of Earthquakes {antimagic, rF++ rC- Stlth+}
   (Okawaru gifted it to you on level 6 of the Lair of Beasts)

   It reduces the magical energy of the wielder, and disrupts the spells and
   magical abilities of those hit.
   Natural abilities and divine invocations are not affected.
   It greatly protects you from fire.
   It makes you vulnerable to cold.
   It makes you more stealthy.
 M - the +6 scimitar of Flaming Death {sticky flame, rPois rF++ rC- MR+}
   (You found it in an ice cave)

   It has been specially enchanted to burn those struck by it, causing extra
   injury to most foes and up to half again as much damage against particularly
   susceptible opponents.
   Big, fiery blades are also staple armaments of hydra-hunters.
   It greatly protects you from fire.
   It makes you vulnerable to cold.
   It protects you from poison.
   It affects your resistance to hostile enchantments.
 X - the +7 broad axe of Articulation {chop, rF+ Int+4 Stlth+}
   (Okawaru gifted it to you on level 12 of the Dungeon)

   It inflicts extra damage upon your enemies.
   It affects your intelligence (+4).
   It protects you from fire.
   It makes you more stealthy.
Missiles
 O - 3 javelins
 P - 4 tomahawks of dispersal
 Q - 32 tomahawks
 W - 11 large rocks (quivered)
Armour
 v - a +2 cloak (worn)
 C - a +1 shield of resistance (worn)
 I - a +2 robe of resistance
 R - a +2 robe of positive energy (worn)
 V - a +2 robe of magic resistance
 Y - the +5 robe "Nalami Ucle" {Str+2}
   (You bought it in a shop on level 2 of the Orcish Mines)

   It affects your strength (+2).
Jewellery
 f - an uncursed ring of resist corrosion
 r - an uncursed ring of flight
 K - a ring of stealth (right claw)
 T - a +3 amulet of reflection (around neck)
 U - a cursed +4 ring of dexterity (left claw)
Wands
 p - a wand of hasting (3/9)
 t - a wand of polymorph (18/24)
 w - a wand of iceblast (9/15)
 x - a wand of iceblast (0/15)
 B - a wand of iceblast (7/15)
 F - a wand of heal wounds (2/9)
 H - a wand of slowing (26/48)
 J - a wand of digging (3/24)
 Z - a wand of flame (36/48)
Scrolls
 b - 3 scrolls of fog {unknown}
 d - a scroll of enchant armour
 g - 4 scrolls of blinking
 j - a scroll of amnesia
 k - 2 scrolls of recharging
 m - 2 scrolls of magic mapping
 q - 3 scrolls of remove curse {@r2}
 s - a scroll of enchant weapon {unknown}
 D - 2 scrolls of identify {@r1}
Potions
 h - 7 potions of curing {@q1}
 o - 2 potions of agility {unknown}
 u - 3 potions of heal wounds
 z - 3 potions of lignification
 E - a potion of ambrosia {unknown}
 G - a potion of flight {unknown}
 L - 2 potions of resistance {unknown}
Books
 c - the Disquisition on Cloudy Aid
   (You found it on level 1 of the Lair of Beasts)

   Spells                             Type                      Level
   a - Shock                          Conjuration/Air              1
   b - Swiftness                      Charms/Air                   2
   c - Song of Slaying                Charms                       2
   d - Repel Missiles                 Charms/Air                   2
   e - Regeneration                   Charms/Necromancy            3
   f - Summon Lightning Spire         Summoning/Air                4
   g - Iskenderun's Battlesphere      Conjuration/Charms           5
 n - a book of Battle

   Spells                             Type                      Level
   a - Infusion                       Charms                       1
   b - Shroud of Golubria             Charms/Translocation         2
   c - Song of Slaying                Charms                       2
   d - Spectral Weapon                Hexes/Charms                 3
   e - Regeneration                   Charms/Necromancy            3
 A - a book of Power

   Spells                             Type                      Level
   a - Fulminant Prism                Conjuration/Hexes            4
   b - Iskenderun's Mystic Blast      Conjuration                  4
   c - Venom Bolt                     Conjuration/Poison           5
   d - Bolt of Magma                  Conjuration/Fire/Earth       5
   e - Iron Shot                      Conjuration/Earth            6
   f - Orb of Destruction             Conjuration                  7
   g - Spellforged Servitor           Conjuration/Summoning        7
Comestibles
 a - 17 fruits
 i - 2 meat rations
 l - 3 bread rations
 N - a royal jelly
 S - a beef jerky


   Skills:
 - Level 2.4(1.2) Fighting
 - Level 7.4(6.1) Throwing
 - Level 4.4(3.2) Armour
 + Level 7.9(6.5) Dodging
 - Level 1.0(0.0) Stealth
 + Level 9.3(7.9) Shields
 * Level 19.2(17.4) Unarmed Combat
 - Level 5.5(4.2) Invocations


You had 14 spell levels left.
You didn't know any spells.

Dungeon Overview and Level Annotations

Branches:
Dungeon (14/15)            Temple (1/1) D:5            Lair (6/6) D:8
  Swamp (0/4) Lair:3       Spider (0/4) Lair:3        Slime (0/5) Lair:6
    Orc (2/2) D:9             Elf (0/3) Orc:2
 Vaults: D:13-14

Altars:
Ashenzari
Dithmenos
Fedhas
Gozag
Hepliaklqana
Nemelex Xobeh
Okawaru
Ru
Sif Muna
Uskayaw
Vehumet
Xom
Yredelemnul
Zin
The Shining One
Beogh

Shops:
D:4 }([:[   D:5 [   D:9 [   D:12 (   Orc:2 [?(!

Annotations:
D:13 Rupert


Innate Abilities, Weirdness & Mutations

You are too large for most types of armour.
You have claws for hands.
Your metabolism is lightning-fast.
You like to eat raw meat.
Your natural rate of healing is unusually fast.
You are covered in fur. (AC +1)
You have very tough skin. (AC +2)
You are partially covered in molten scales. (AC +2)
Your movements are slightly less encumbered by armour. (ER -2)


Message History

The worker ant bites you but does no damage.
You feel sick.
Rupert hits you with a great mace of draining!
You partially resist.
You feel drained.
The worker ant bites you but does no damage.
Rupert hits you with a great mace of draining!
You partially resist.
You feel drained.
The worker ant bites you but does no damage.
Rupert hits you with a great mace of draining!
* * * LOW HITPOINT WARNING * * *
You partially resist.
You feel drained.
* * * LOW HITPOINT WARNING * * *
You feel sick. The worker ant bites you.
* * * LOW HITPOINT WARNING * * *
You are more poisoned.
The worker ant poisons you! Rupert barely misses you.
You feel sick.
The worker ant bites you but does no damage.
Rupert hits you with a great mace of draining!!
You die...

.#..#.......#............+..+...'
.#..#...#...#............#..#...#
.#..#...#...#............#..#...#
.#..#^..#...#..##################
.#..##'######..#.................
##......#...#..#.................
........#...#..#.................
....######'#####.a.........).....
....#.......#...@@...............
....#.(.....#..########...#....##
.#..#.......#.....#.......'......
.#..#...#...####..#.......#.>....
.#..#...#...'..####...#...#......
.#..#...#...#..#......#...##+###.
.#..#...#...#'##......#...+....##
.#..#...#...#..#'##...#####....#.
##..#...#...#..'..+.....(......#.


You could see Rupert (berserk) and a worker ant.

Vanquished Creatures
  A reaper (IceCv)
  Snorg (D:12)
  A fire dragon (Lair:6)
  Josephine (Lair:5)
  Erolcha (D:12)
  5 hydras
  Harold (D:12)
  Fannar (D:11)
  The ghost of Daviar the Cleaver, a journeyman DsFi of Uskayaw (Lair:1)
  2 centaur warriors (D:13)
  The ghost of tsouns the Frost Mage, a journeyman DsIE of Sif Muna (D:11)
  An ice dragon (D:11)
  An ogre mage (Orc:2)
  4 orc high priests (Orc:2)
  Urug (Orc:1)
  8 hill giants
  A lindwurm (Lair:6)
  A deep elf mage (D:13)
  4 orc knights
  An orb spider (Lair:3)
  The ghost of varam the Grappler, a novice TrMo of Okawaru (D:7)
  3 oklob plants
  3 orc sorcerers (Orc:2)
  A manticore (D:13)
  A centaur zombie (D:11)
  Joseph (D:7)
  3 molten gargoyles (Lair:6)
  7 black mambas
  14 elephants
  4 gargoyles
  2 ice statues (IceCv)
  7 komodo dragons
  8 spiny frogs
  2 rime drakes
  8 ice devils (IceCv)
  6 trolls
  2 polar bears
  2 two-headed ogres
  27 blink frogs
  10 slime creatures
  9 hippogriffs
  Sigmund (D:4)
  A vampire (D:12)
  A spriggan (Lair:2)
  5 wraiths
  3 wyverns
  6 basilisks
  31 yaks
  A steam dragon (Lair:6)
  3 vampire mosquitoes (D:13)
  Menkaure (Ossuary)
  A hungry ghost (D:9)
  4 insubstantial wisps (Lair:3)
  A warg (Orc:2)
  Edmund (D:4)
  2 mottled dragons
  7 water moccasins
  5 hell hounds (Lair:6)
  10 porcupines
  5 ice beasts
  2 sky beasts
  2 phantoms
  18 orc warriors
  2 black bears
  An eye of draining (D:11)
  A necrophage (D:10)
  6 wolves (Lair:3)
  16 ogres
  9 centaurs
  14 crocodiles
  2 big kobolds
  11 bullfrogs
  A wyvern zombie (D:12)
  2 wyvern skeletons
  5 scorpions
  12 killer bees
  9 wights
  6 electric eels
  3 howler monkeys
  4 lava snakes
  4 crimson imps
  3 bullfrog zombies
  A quasit (D:10)
  6 jellies
  17 orc priests
  2 centaur skeletons
  6 hounds
  Crazy Yiuf (D:3)
  22 orc wizards
  3 bullfrog skeletons
  6 iguanas
  9 worker ants
  A hound zombie (D:6)
  3 mummies
  22 adders
  2 shadow imps
  7 white imps (IceCv)
  6 ufetubi (IceCv)
  An ooze (D:1)
  An adder zombie (D:5)
  An adder skeleton (D:6)
  3 worms
  4 dart slugs
  10 leopard geckos
  91 orcs
  7 bats
  4 giant cockroaches
  2 gnoll zombies (Ossuary)
  6 goblins
  10 hobgoblins
  2 jackals
  8 quokkas
  4 frilled lizards
  5 gnoll skeletons (Ossuary)
  3 goblin skeletons (Ossuary)
  3 goblin zombies (Ossuary)
  2 hobgoblin skeletons (Ossuary)
  2 hobgoblin zombies (Ossuary)
  A jackal skeleton (D:5)
  12 kobolds
  A kobold skeleton (Ossuary)
  8 kobold zombies
  A leopard gecko zombie (D:5)
  An orc skeleton (Ossuary)
  2 orc zombies (Ossuary)
  2 quokka skeletons
  8 rats
  2 rat skeletons (Ossuary)
  3 rat zombies (Ossuary)
  4 fungi
  9 plants (Lair:2)
718 creatures vanquished.

Vanquished Creatures (others)
  Nessos (Lair:6)
  A cyclops (Orc:2)
  An orc warrior (Orc:2)
  2 centaurs
  A worker ant (D:13)
  A mummy (Ossuary)
  A shadow imp (D:13)
  4 white imps (IceCv)
  5 ufetubi (IceCv)
  A gnoll zombie (Ossuary)
  A goblin skeleton (Ossuary)
  2 hobgoblin skeletons (Ossuary)
  3 hobgoblin zombies (Ossuary)
  5 kobold skeletons (Ossuary)
  2 kobold zombies (Ossuary)
  2 orc skeletons (Ossuary)
  An orc zombie (Ossuary)
  A rat skeleton (Ossuary)
  A bush (Lair:6)
  10 fungi
  4 plants
50 creatures vanquished.

Grand Total: 768 creatures vanquished

Notes
Turn   | Place    | Note
-------+----------+-------------------------------------------
     0 | D:1      | varam the Troll Monk began the quest for the Orb.
     0 | D:1      | Reached XP level 1. HP: 22/22 MP: 0/0
   140 | D:1      | Reached XP level 2. HP: 23/29 MP: 1/1
   222 | D:1      | Reached skill level 4 in Unarmed Combat
   397 | D:1      | Reached XP level 3. HP: 35/36 MP: 2/2
   821 | D:2      | Reached skill level 5 in Unarmed Combat
   821 | D:2      | Reached XP level 4. HP: 44/44 MP: 3/3
  1265 | D:3      | Found a faded altar of an unknown god.
  1472 | D:3      | Reached XP level 5. HP: 50/50 MP: 4/4
  2084 | D:3      | Reached skill level 6 in Unarmed Combat
  2244 | D:3      | Found a runed door.
  2248 | D:3      | Noticed Crazy Yiuf
  2258 | D:3      | Killed Crazy Yiuf
  2327 | D:4      | Found Hituph's Antique Weapon Shoppe.
  2327 | D:4      | Found Widemu's Gadget Emporium.
  2327 | D:4      | Found an opulent altar of Gozag.
  2424 | D:4      | Noticed Sigmund
  2455 | D:4      | Killed Sigmund
  2455 | D:4      | Reached skill level 7 in Unarmed Combat
  2455 | D:4      | Reached XP level 6. HP: 59/59 MP: 5/5
  2476 | D:4      | Found a sand-covered staircase.
  2487 | Ossuary  | Entered an ossuary
  2795 | Ossuary  | Noticed Menkaure
  2813 | Ossuary  | Killed Menkaure
  2851 | Ossuary  | Gained mutation: Your movements are slightly less encumbered by armour. (ER -2) [potion of beneficial mutation]
  2852 | Ossuary  | Gained mutation: You are partially covered in molten scales. (AC +2) [potion of beneficial mutation]
  2885 | D:4      | Found Wiqen's Antique Armour Emporium.
  2899 | D:4      | Found Womaqam's Book Shop.
  2911 | D:4      | Found a sacrificial altar of Ru.
  2917 | D:4      | Found Ubichaus's Armour Emporium.
  3049 | D:4      | Noticed Edmund
  3059 | D:4      | Killed Edmund
  3059 | D:4      | Reached skill level 8 in Unarmed Combat
  3059 | D:4      | Reached XP level 7. HP: 58/66 MP: 6/6
  3564 | D:5      | Entered Level 5 of the Dungeon
  3578 | D:4      | Reached skill level 9 in Unarmed Combat
  3706 | D:5      | Reached XP level 8. HP: 64/74 MP: 7/7
  3751 | D:5      | Reached skill level 10 in Unarmed Combat
  3803 | D:5      | Found a staircase to the Ecumenical Temple.
  3814 | D:5      | Found a deep blue altar of Sif Muna.
  3821 | Temple   | Entered the Ecumenical Temple
  3919 | Temple   | Became a worshipper of Warmaster Okawaru
  3919 | Temple   | Reached * piety under Okawaru
  3919 | Temple   | Reached ** piety under Okawaru
  3985 | D:5      | Found Rikhupha's Antique Armour Emporium.
  4022 | D:5      | Found a shimmering altar of Xom.
  4237 | D:5      | Found a shadowy altar of Dithmenos.
  4251 | D:5      | Reached skill level 1 in Throwing
  4321 | D:4      | Bought a glowing shield for 336 gold pieces
  4789 | D:6      | Reached skill level 1 in Shields
  4953 | D:6      | Found an iron altar of Okawaru.
  5198 | D:7      | Reached XP level 9. HP: 80/80 MP: 8/8
  5270 | D:7      | Reached *** piety under Okawaru
  5316 | D:7      | Noticed Joseph
  5339 | D:7      | Killed Joseph
  5339 | D:7      | Reached skill level 11 in Unarmed Combat
  5433 | D:7      | Noticed varam's ghost (novice TrMo)
  5452 | D:7      | Killed varam's ghost
  5452 | D:7      | Reached **** piety under Okawaru
  5571 | D:7      | Found a radiant altar of Vehumet.
  6172 | D:8      | Reached skill level 5 in Shields
  6344 | D:8      | Noticed a komodo dragon
  6363 | D:8      | Killed a komodo dragon
  6363 | D:8      | Reached XP level 10. HP: 52/88 MP: 6/9
  6418 | D:8      | HP: 1/88 [komodo dragon (20)]
  6425 | D:8      | Reached ***** piety under Okawaru
  6425 | D:8      | Reached skill level 12 in Unarmed Combat
  6516 | D:8      | Found a staircase to the Lair.
  7394 | D:9      | Found a roughly hewn altar of Beogh.
  7751 | D:9      | Received a gift from Okawaru
  7884 | D:9      | Found a staircase to the Orcish Mines.
  8018 | D:9      | Found Dim Vooclia's Antique Armour Shoppe.
  8200 | D:10     | Entered Level 10 of the Dungeon
  8349 | D:10     | Noticed a gargoyle
  8354 | D:10     | Killed a gargoyle
  8354 | D:10     | Received a gift from Okawaru
  8354 | D:10     | Reached skill level 13 in Unarmed Combat
  8385 | D:10     | Noticed a hill giant
  8398 | D:10     | Killed a hill giant
  8618 | D:10     | Noticed a gargoyle
  8622 | D:10     | Killed a gargoyle
  8622 | D:10     | Reached XP level 11. HP: 81/94 MP: 10/10
  9172 | D:11     | Noticed an ice dragon
  9199 | D:11     | Killed an ice dragon
  9458 | D:11     | Noticed Fannar
  9531 | D:11     | Killed Fannar
  9531 | D:11     | Reached skill level 14 in Unarmed Combat
  9647 | D:11     | Noticed tsouns's ghost (journeyman DsIE)
  9829 | D:11     | Noticed a hill giant
  9850 | D:11     | Killed tsouns's ghost
  9854 | D:11     | Killed a hill giant
  9919 | D:11     | Reached ****** piety under Okawaru
 10306 | D:11     | Noticed a hill giant
 10317 | D:11     | Killed a hill giant
 10317 | D:11     | Received a gift from Okawaru
 10459 | D:12     | Reached XP level 12. HP: 83/104 MP: 11/11
 10554 | D:12     | Reached skill level 15 in Unarmed Combat
 10727 | D:12     | Reached skill level 5 in Throwing
 10872 | D:12     | Noticed Snorg
 10885 | D:12     | Killed Snorg
 10885 | D:12     | Received a gift from Okawaru
 10977 | D:12     | Found Qemainea's Weapon Shop.
 11007 | D:12     | Noticed Erolcha
 11014 | D:12     | Killed Erolcha
 11014 | D:12     | Received a gift from Okawaru
 11020 | D:12     | Got an encrusted broad axe {god gift}
 11021 | D:12     | Identified the +7 broad axe of Articulation {chop, rF+ Int+4 Stlth+} (Okawaru gifted it to you on level 12 of the Dungeon)
 11227 | D:12     | Noticed Harold
 11239 | D:12     | Killed Harold
 11606 | D:13     | Reached skill level 16 in Unarmed Combat
 11852 | D:13     | Noticed a centaur warrior
 11863 | D:13     | Killed a centaur warrior
 11863 | D:13     | Received a gift from Okawaru
 11952 | D:13     | Noticed a centaur warrior
 11963 | D:13     | Killed a centaur warrior
 13034 | Lair:1   | Entered Level 1 of the Lair of Beasts
 13196 | D:8      | Reached XP level 13. HP: 106/110 MP: 12/12
 13291 | Lair:1   | Noticed Daviar's ghost (journeyman DsFi)
 13303 | Lair:1   | Killed Daviar's ghost
 13303 | Lair:1   | Received a gift from Okawaru
 13578 | D:4      | Bought a wand of heal wounds (3/9) for 462 gold pieces
 13935 | Lair:1   | Reached skill level 17 in Unarmed Combat
 13984 | Lair:1   | Identified the Disquisition on Cloudy Aid
 14842 | Lair:2   | Received a gift from Okawaru
 15578 | Lair:2   | Received a gift from Okawaru
 16171 | Lair:3   | Found a staircase to the Swamp.
 16296 | Lair:3   | Found a hole to the Spider Nest.
 16776 | Lair:3   | Reached skill level 18 in Unarmed Combat
 17089 | Lair:4   | Received a gift from Okawaru
 17780 | Lair:5   | Reached skill level 1 in Invocations
 17829 | Lair:5   | Noticed Josephine
 17850 | Lair:5   | Killed Josephine
 18444 | Lair:6   | Entered Level 6 of the Lair of Beasts
 18458 | Lair:5   | Reached skill level 5 in Dodging
 18509 | Lair:5   | Received a gift from Okawaru
 18533 | Lair:5   | Reached XP level 14. HP: 95/118 MP: 15/15
 18708 | Lair:6   | Noticed Nessos
 18868 | Lair:6   | Killed Nessos
 19209 | Lair:6   | Found a staircase to the Slime Pits.
 19227 | Lair:6   | Reached skill level 5 in Invocations
 19505 | Lair:6   | Received a gift from Okawaru
 19508 | Lair:6   | Got an ebony broad axe {god gift}
 19509 | Lair:6   | Identified the +5 broad axe of Earthquakes {antimagic, rF++ rC- Stlth+} (Okawaru gifted it to you on level 6 of the Lair of Beasts)
 20352 | Lair:6   | Found a large runed door.
 20363 | Lair:6   | Reached skill level 1 in Armour
 20629 | Lair:6   | Found a large runed door.
 21025 | Orc:1    | Entered Level 1 of the Orcish Mines
 21178 | Orc:1    | Found a roughly hewn altar of Beogh.
 21194 | Orc:1    | Noticed Urug
 21206 | Orc:1    | Killed Urug
 21521 | Orc:2    | Entered Level 2 of the Orcish Mines
 21547 | Orc:1    | Received a gift from Okawaru
 21548 | Orc:1    | Got a crude demon blade {god gift}
 21549 | Orc:1    | Identified the +10 demon blade of Magnificence {drain, Dex+3} (Okawaru gifted it to you on level 1 of the Orcish Mines)
 21670 | Orc:2    | Found a frozen archway.
 21683 | IceCv    | Entered an ice cave
 21949 | IceCv    | Noticed a reaper
 21988 | IceCv    | Killed a reaper
 21988 | IceCv    | Reached skill level 19 in Unarmed Combat
 22353 | Orc:1    | You fall through a shaft!
 22353 | Orc:2    | Found a staircase to the Elven Halls.
 22569 | Orc:2    | Found a roughly hewn altar of Beogh.
 22880 | Orc:2    | Reached XP level 15. HP: 101/124 MP: 18/18
 23275 | Orc:2    | Paralysed by an orc sorcerer for 4 turns
 23280 | Orc:2    | Received a gift from Okawaru
 23506 | Orc:2    | Paralysed by an orc sorcerer for 3 turns
 23520 | Orc:2    | Found Cozor's Distillery.
 23520 | Orc:2    | Found Antaq's Antique Weapon Boutique.
 23523 | Orc:2    | Found Rikoteusch's Antique Armour Boutique.
 23523 | Orc:2    | Found Aququ's Magic Scroll Emporium.
 23533 | Orc:2    | Bought a fine robe for 210 gold pieces
 23552 | Orc:2    | Identified the +5 robe "Nalami Ucle" {Str+2} (You bought it in a shop on level 2 of the Orcish Mines)
 24072 | D:14     | Noticed Rupert
 24074 | D:14     | Paralysed by Rupert for 2 turns
 24124 | D:13     | Paralysed by Rupert for 7 turns
 24131 | D:13     | Mangled by Rupert

Vault maps used:
D:1:      dpeg_arrival_long_road
D:3:      ecumenical_altar_2, grunt_decor_one_mirror, uniq_crazy_yiuf_cottage
D:4:      nicolae_gozag_seed_capital, kennysheep_mini,
          nicolae_ossuary_entry_giza, serial_shops, shop,
          nicolae_shop_temple_entry_statues_fountains, shop, shop, shop,
          first_bread, corexii_corridor_pit, serial_park_tiny_2,
          guppyfry_early_lair_pool, uniq_edmund, uniq_sigmund
D:5:      led_sif_book, grunt_dithmenos_smoke_and_mirrors, serial_shops,
          shop_statue, basic_altar
D:6:      okawaru_gym_becter
D:7:      overflow_temple_1_default, uniq_joseph
D:8:      erik_lair_dragon
D:9:      david_orc_2, serial_shops, nicolae_shop_overgrown_old_shop,
          grunt_pizzeria
D:10:     disabler_island
D:11:     kennysheep_blocky_room, uniq_fannar
D:12:     serial_shops, shop, uniq_snorg, uniq_harold, uniq_erolcha
D:14:     erik_vaults_2, minmay_unpleasant_kobolds, uniq_rupert
Temple:   regret_index_temple_sphere_string
Lair:1:   beast_lair_carwin_3, lemuel_fruit_fields, infiniplex_staircase_pool
Lair:2:   wad_woods_04
Lair:3:   minmay_swamp_entry_wisps, nicolae_spider_entry_orb_guardian
Lair:4:   lemuel_fruit_fields
Lair:5:   st_stairs_3, uniq_josephine
Lair:6:   cheibrodos_lair_end_hotspot, minmay_slime_entry_oklob_enclosed,
          minmay_stone_trees_small, uniq_nessos
Orc:1:    basic_altar, uniq_urug
Orc:2:    grunt_orc_tribal_feast, portal_ice_cave_entry_pillars_1,
          statue_in_the_mist_lemuel, bh_open_orc_temple
Ossuary:  ossuary_due_pyramid
IceCv:    ice_cave_small_demon

Skill      XL: |  1  2  3  4  5  6  7  8  9 10 11 12 13 14 15 |
---------------+----------------------------------------------+-----
Unarmed Combat | 4 5 7 8 9 10 11 13 14 16 18 19 | 19.2
Throwing       | 3 4 7 |  7.4
Shields        | 2 5 7 9 |  9.3
Dodging        | 5 7 |  7.9
Invocations    | 3 5 |  5.5
Armour         | 3 4 |  4.4
Fighting       | |  2.4
Stealth        | |  1.0

Action                   |  1- 3 |  4- 6 |  7- 9 | 10-12 | 13-15 || total
-------------------------+-------+-------+-------+-------+-------++-------
Melee: Unarmed           |    76 |   192 |   242 |   705 |  1156 ||  2371
       Punch             |     2 |     6 |     3 |       |       ||    11
Throw: Javelin           |       |       |    12 |    98 |     3 ||   113
       Tomahawk          |       |       |       |    29 |    65 ||    94
       Large rock        |       |       |       |       |    43 ||    43
Invok: Heroism           |       |       |     6 |     9 |    14 ||    29
Evoke: Wand              |       |       |       |     7 |     6 ||    13
  Use: Scroll            |       |     8 |       |     4 |     5 ||    17
       Potion            |       |     2 |       |     1 |     4 ||     7
 Stab: Sleeping          |     3 |     5 |     4 |     8 |     4 ||    24
       Distracted        |       |     2 |       |       |     1 ||     3
  Eat: Chunk             |    13 |    17 |    33 |    63 |    97 ||   223
Armor: Robe              |    15 |    48 |    53 |   116 |   165 ||   397
Dodge: Dodged            |    36 |    62 |    59 |   146 |   310 ||   613
Block: Shield            |       |       |    88 |   400 |   650 ||  1138
       Reflection        |       |       |     6 |    30 |    25 ||    61
       Other             |       |       |     2 |       |       ||     2
